[Event "*** Titled Tuesday Blitz"]
[Site "Chess.com"]
[Date "2021.02.02"]
[Round "1"]
[White "Kretov_Evgenij"]
[Black "AniJak"]
[Result "0-1"]
[WhiteElo "2557"]
[BlackElo "2277"]
[TimeControl "180+1"]
[EndTime "10:08:03 PST"]
[Termination "AniJak won by checkmate"]

1. d4 d5 2. c4 c6 3. Nc3 Nf6 4. e3 e6 5. Nf3 Nbd7 6. Bd3 dxc4 7. Bxc4 b5 8. Be2 Bb7 9. O-O a6 10. e4 c5 11. e5 cxd4 12. Qxd4 Bc5 13. Qh4 Nd5 14. Bg5 Be7 15. Ne4 O-O 16. Bd3 h6 17. Bxe7 Qxe7 18. Qg3 Nb4 19. Bb1 Rad8 20. a3 Nd5 21. h3 N5b6 22. Nfd2 Nc5 23. Nf6+ Kh8 24.
Nh5 Qg5 25. Qxg5 hxg5 26. Nf3 Bxf3 27. gxf3 Nb3 28. Ra2 Nd2 29. Rc1 Nxf3+ 30. Kg2 Nh4+ 31. Kf1 Nc4 32. f4 Nd2+ 33. Ke2 Nb3 34. Rd1 Rxd1 35. Kxd1 Rd8+ 36. Ke1 gxf4 37. Nxf4 Nf3+ 38. Kf2 Nxe5 39. Be4 g5 40. Ne2 Nc4 41. Bc2 Nd4 42. Nxd4 Rxd4 43. b3 Nxa3 44. Rxa3 Rd2+ 45. Kg3 Rxc2 46. Rxa6 Kg7 47. Rb6 Rc3+ 48. Kg4 Rxb3 49. Kxg5 Rxh3 50. Rxb5 Rh6 51. Rb7 Rg6+ 52. Kf4 Kf6 53. Rb6 Rh6 54. Ra6 Rh4+ 55. Kg3 Rb4 56. Rc6 Kf5 57. Rc5+ e5 58.
Rc3 f6 59. Kf3 Kg5 60. Rc6 f5 61. Rc8 Rb3+ 62. Kf2 Kf4 63. Ra8 Rb2+ 64. Kf1 e4 65. Ra3 e3 66. Ra5 Ke4 67. Ra8 f4 68. Rh8 Kf3 69. Kg1 Rb1+ 70. Kh2 e2 71. Ra8 e1=Q 72. Ra3+ Kg4 73. Ra2 Qh1# 0-1

[Event "*** Titled Tuesday Blitz"]
[Site "Chess.com"]
[Date "2021.02.02"]
[Round "1"]
[White "MFBerna"]
[Black "OlifantCZ"]
[Result "0-1"]
[WhiteElo "2500"]
[BlackElo "2161"]
[TimeControl "180+1"]
[EndTime "10:08:04 PST"]
[Termination "OlifantCZ won by resignation"]

1. e4 e6 2. d4 d5 3. Nd2 c5 4. Ngf3 cxd4 5. Nxd4 Nc6 6. Nxc6 bxc6 7. Bd3 Nf6 8. Qe2 Be7 9. O-O O-O 10. b3 Bb7 11. Bb2 c5 12. Rad1 Qc7 13. Rfe1 d4 14. e5 Nd5 15. Qe4 g6 16. Qg4 a5 17. a4 Nb4 18.
Nc4 Nxd3 19. Rxd3 Bd5 20. Nd2 Rab8 21. Bc1 Rfd8 22. Nf3 Bxf3 23. Rxf3 c4 24. bxc4 Bb4 25. Rd1 Qxc4 26. Qe4 Rbc8 27. Bg5 Rd7 28. h4 Qxc2 29. Rxd4 Qxe4 30. Rxe4 Bf8 31. Rb3 h6 32. Be3 Kg7 33. Rb5 Bb4 34. Bb6 Rd5 35. Rxd5 exd5 36. Rd4 Rc1+ 37.
Kh2 Ra1 38. Rxd5 Rxa4 39. Rd7 Kf8 40. Be3 Bc3 41. Bxh6+ Ke8 42. Rd5 Rxh4+ 43. Kg3 Rxh6 44. Rc5 Bb4 45. Rb5 Rh1 46. f4 Rd1 47. Kf3 Ke7 48. g4 Rd7 49. Ke4 Rc7 50. f5 gxf5+ 51. gxf5 f6 52. e6 Bc3 53. Kd3 Bb4 54. Ke4 Kd6 55. Rb6+ Kc5 56. Ra6 Kb5 57. Ra8 a4 58. Kd5 a3 59. Rb8+ Ka4 60. Ra8+ Kb3 61. e7 Rxe7 0-1

[Event "*** Titled Tuesday Blitz"]
[Site "Chess.com"]
[Date "2021.02.02"]
[Round "1"]
[White "Piacramling"]
[Black "Korchmar_Vasiliy"]
[Result "0-1"]
[WhiteElo "2255"]
[BlackElo "2571"]
[TimeControl "180+1"]
[EndTime "10:08:07 PST"]
[Termination "Korchmar_Vasiliy won on time"]

1. Nf3 c5 2. c4 Nc6 3. d4 cxd4 4. Nxd4 Nf6 5. Nc3 Qb6 6. Nb3 e6 7. e4 Bb4 8. Bd3 Ne5 9. O-O Bxc3 10. bxc3 Qd6 11. Nd4 Nxd3 12. Qxd3 O-O 13. a4 Qe5 14.
Ba3 Rd8 15. f3 d5 16. exd5 exd5 17. Rfe1 Qg5 18. cxd5 Nxd5 19. Bc1 Qh4 20. Bd2 Bd7 21.
Re4 Qf6 22. a5 h6 23. Rae1 Bc6 24. Re5 Rac8 25. h3 a6 26. Kh2 Nc7 27. Re7 Ne6 28.
R7xe6 fxe6 29. Qe3 Bd5 30. Bc1 Rd7 31. Ba3 Rdc7 32.
Bb4 Re8 33. Qe5 Qxe5+ 34. Rxe5 Kf7 35. f4 Rd7 36. g3 Bc4 37. Kg1 Rd5 38. Kf2 Rxe5 39.
fxe5 Bd5 40. Ke3 Kg6 41. g4 Rc8 42. Ne2 Kf7 43. Nf4 Bc6 44. Nd3 Rh8 45. Nf4 Rh7 46. h4 Rh8 47. h5 Rc8 48. Nd3 Bb5 49. Nc5 Bc6 50. Nd3 Rc7 51. Nf4 Rd7 52. Ke2 Rd8 0-1

[Event "*** Titled Tuesday Blitz"]
[Site "Chess.com"]
[Date "2021.02.02"]
[Round "1"]
[White "adriangschnitzer"]
[Black "MVM2008"]
[Result "0-1"]
[WhiteElo "2485"]
[BlackElo "2123"]
[TimeControl "180+1"]
[EndTime "10:08:07 PST"]
[Termination "MVM2008 won by checkmate"]

1. e4 c6 2. d4 d5 3. e5 c5 4.
dxc5 Nc6 5. f4 e6 6. Be3 d4 7. Bf2 Nge7 8. Nf3 Nf5 9. Bd3 Ne3 10. Bxe3 dxe3 11. Nc3 f5 12. exf6 Qxf6 13. O-O Bxc5 14. Qe2 Nd4 15. Nxd4 Qxd4 16. Bb5+ Ke7 17. Rad1 Qb4 18.
f5 a6 19. fxe6 Bxe6 20. Rd7+ Bxd7 21. Nd5+ Kd8 22. Nxb4 Bxb5 23. Qd1+ Kc7 24. Rf7+ Kb6 25. Nd5+ Ka7 26. Kh1 Rad8 27. Rf5 e2 28. Qf1 Bc4 29.
Qe1 Rhe8 30. Nf4 Rd1 31. Nd3 Rxe1+ 32. Nxe1 Rd8 33. Rxc5 Rd1 34. Kg1 Rxe1+ 35. Kf2 Rf1+ 36. Kg3 e1=Q+ 37. Kh3 Qe3+ 38. g3 Be6+ 39. Kh4 Qxc5 40. g4 g5+ 41. Kh5 Bf7+ 42. Kh6 Qf8+ 43. Kxg5 Qg7+ 44. Kh4 Qh6+ 45. Kg3 Rg1+ 46. Kf2 Qxh2+ 47. Ke3 Rg3+ 48. Kf4 Qf2+ 49. Kg5 h6+ 50. Kh4 Qf4 51. c4 Qxg4# 0-1

[Event "*** Titled Tuesday Blitz"]
[Site "Chess.com"]
[Date "2021.02.02"]
[Round "1"]
[White "AlexSuv"]
[Black "GM_dmitrij"]
[Result "0-1"]
[WhiteElo "2460"]
[BlackElo "2903"]
[TimeControl "180+1"]
[EndTime "10:08:08 PST"]
[Termination "GM_dmitrij won by resignation"]

1. d4 Nf6 2. c4 g6 3. Nc3 Bg7 4.
e4 O-O 5. Nf3 d6 6. Be2 e5 7.
Be3 c6 8. O-O exd4 9. Nxd4 Re8 10. Qc2 Qe7 11. Bf3 Nbd7 12. Rad1 Ne5 13. Be2 Neg4 14.
Bxg4 Nxg4 15. Qe2 Nxe3 16. Qxe3 Bd7 17. Nde2 b6 18. Qd3 Be6 19. Nd4 Bd7 20. Nde2 Be6 21.
Nd4 Rac8 22. Nxe6 Qxe6 23. Rfe1 Rcd8 24. b3 h5 25. f3 Qe5 26. Ne2 Qc5+ 27. Kh1 d5 28.
exd5 cxd5 29. Nf4 dxc4 30. Rxe8+ Rxe8 31. bxc4 Re3 32. Qd8+ Kh7 33. Nd5 Re2 34. Nf6+ Bxf6 35. Qxf6 Qe7 36. Qxe7 Rxe7 37. h4 Kg7 38. Kh2 Re2 39. a3 Rc2 40. Rd7 a5 41. Rd6 Rxc4 42. Rxb6 Rxh4+ 43. Kg3 Ra4 44. Rb3 g5 45. Kf2 Kg6 46. Rc3 f6 47. Rb3 h4 48. Rc3 Kh5 49. Rb3 Rc4 50. Kg1 a4 51. Re3 Kg6 52. Kf2 Kf5 53. Rd3 Kf4 54. Rd2 f5 55. Rb2 g4 56.
fxg4 fxg4 57. Rb8 Rc2+ 58. Kf1 Kg3 59. Rg8 Rf2+ 60. Ke1 Rxg2 0-1

[Event "*** Titled Tuesday Blitz"]
[Site "Chess.com"]
[Date "2021.02.02"]
[Round "1"]
[White "TigrVShlyape"]
[Black "KeithArkell"]
[Result "1/2-1/2"]
[WhiteElo "2853"]
[BlackElo "2453"]
[TimeControl "180+1"]
[EndTime "10:08:08 PST"]
[Termination "Game drawn by agreement"]

1. e4 c6 2. d4 d5 3. exd5 cxd5 4.
Bd3 Nc6 5. c3 Nf6 6. Bf4 Bg4 7.
Nf3 e6 8. Nbd2 Bd6 9. Bxd6 Qxd6 10. O-O O-O 11. Re1 a6 12. a4 Rab8 13. a5 Qc7 14. Qa4 b5 15. axb6 Rxb6 16. b4 Bxf3 17. Nxf3 g6 18.
Qc2 Rc8 19. Qd2 Ra8 20. Ra4 Kg7 21. h3 a5 22. Rea1 Ne4 23. Bxe4 dxe4 24. Ng5 Rab8 25. Nxe4 axb4 26. d5 exd5 27. Qxd5 b3 28. Rb1 b2 29. Qd2 Ne5 30. Qe2 f5 31. Ng5 Qxc3 32. Ra7+ R8b7 33.
Rxb7+ Rxb7 34. Kh2 Kf6 35. f4 h6 36. Nh7+ Rxh7 37.
fxe5+ Qxe5+ 38. Qxe5+ Kxe5 39. Rxb2 Rd7 40. Rb6 Rd6 41. Rb5+ Kf6 42. h4 g5 43. hxg5+ hxg5 44. g3 Rd2+ 45. Kg1 g4 46. Kf1 Ke6 47. Ra5 Rd5 48. Ra6+ Ke5 49. Ke2 Ke4 50. Ra4+ Rd4 51. Ra8 Rb4 52. Re8+ Kd5 53. Rf8 Ke5 54. Re8+ Kf6 55.
Kf2 Rb2+ 56. Kf1 Rb4 57. Kf2 Re4 58. Ra8 Rd4 59. Ra5 Ke6 60. Ra8 Rd5 61. Re8+ Kf6 62. Kf1 Re5 63. Ra8 Ke6 64. Kf2 Rd5 65. Re8+ Kf6 66.
Kf1 Re5 1/2-1/2

[Event "*** Titled Tuesday Blitz"]
[Site "Chess.com"]
[Date "2021.02.02"]
[Round "1"]
[White "DenLaz"]
[Black "Kapitan_Bayan"]
[Result "1-0"]
[WhiteElo "2834"]
[BlackElo "2427"]
[TimeControl "180+1"]
[EndTime "10:08:08 PST"]
[Termination "DenLaz won by resignation"]

1. d4 Nf6 2. c4 e6 3. Nf3 d5 4. Nc3 c5 5. cxd5 Nxd5 6. e4 Nxc3 7. bxc3 cxd4 8. cxd4 Nc6 9. Bc4 b5 10. Bb3 Bb4+ 11. Bd2 Bxd2+ 12. Qxd2 O-O 13. O-O Na5 14.
Bc2 Nc4 15. Qf4 Bb7 16. Rad1 Rc8 17. Bb1 Qd6 18. Qh4 h6 19. Rfe1 Rfd8 20. Qh5 a6 21. d5 Qf4 22. g3 Qf6 23. e5 g6 24. exf6 gxh5 25. Be4 Bxd5 26. Bxd5 Rxd5 27. Rxd5 exd5 28. Nd4 Kf8 29. Re7 Re8 30. Ra7 Kg8 31. Rxa6 b4 32. Ra7 Re1+ 33. Kg2 Re4 34. Nf5 Re6 35. Nxh6+ Kh8 36.
Nxf7+ Kg8 37. Nh6+ Kf8 38. Ra8+ Re8 39. Ra6 d4 40. f7 Rd8 41. Rg6 Ke7 42. Rg8 Rf8 43. Nf5+ Kxf7 44. Rxf8+ Kxf8 45. Nxd4 Na5 46. Nc2 Nc6 47.
Kf3 Ke7 48. Ke4 Kf6 49. f4 Ke6 50. Nd4+ Kd6 51. Nxc6 Kxc6 52. Kd4 Kb5 53. f5 Ka4 54. f6 Ka3 55. Kc4 Kxa2 56. Kxb4 Kb2 57. f7 h4 58. f8=Q hxg3 59. hxg3 Kc2 60. g4 Kd3 61. g5 Ke4 62. g6 Kd5 63. g7 1-0

[Event "*** Titled Tuesday Blitz"]
[Site "Chess.com"]
[Date "2021.02.02"]
[Round "1"]
[White "eCztery"]
[Black "AlexeiShirov"]
[Result "1/2-1/2"]
[WhiteElo "2436"]
[BlackElo "2824"]
[TimeControl "180+1"]
[EndTime "10:08:08 PST"]
[Termination "Game drawn - insufficient material"]

1. e4 e5 2. Nf3 Nc6 3. Bc4 Nf6 4. d3 h6 5. h3 g5 6. d4 exd4 7. Nxd4 d6 8. Nxc6 bxc6 9. e5 Qe7 10. O-O dxe5 11.
b3 Bg7 12. Ba3 c5 13. Qf3 e4 14. Qe3 Nd7 15. Nc3 Bd4 16. Qxd4 cxd4 17. Bxe7 Kxe7 18. Nxe4 f5 19. Nd2 Ne5 20. Rfe1 Kf6 21. Bf1 Bb7 22. Rad1 Rad8 23. Nc4 Nxc4 24. Bxc4 Rd6 25.
Rd2 Rhd8 26. Rde2 Be4 27. f3 d3 28. cxd3 Bxd3 29. Bxd3 Rxd3 30. Re6+ Kg7 31. Re7+ Kg6 32.
R1e6+ Kh5 33. Rh7 g4 34. hxg4+ fxg4 35. Rhxh6+ Kg5 36. Reg6+ Kf5 37. Rxg4 Rd2 38. a4 Rb2 39. Rh5+ Kf6 40. Rh6+ Kf5 41. Kh2 Rxb3 42. Rc6 Rd2 43. Rxc7 Rxf3 44. Rgg7 Ra3 45. Rcf7+ Ke6 46. Re7+ Kf6 47.
Rgf7+ Kg6 48. Rxa7 Rxa4 49. Rg7+ Kf6 50. Raf7+ Ke6 51.
Re7+ Kf6 52. Ref7+ Ke6 53. Rf3 Raa2 54. Rg6+ Ke5 55.
Rg5+ Ke6 56. Rg4 Ke5 57. Kg3 Rxg2+ 58. Kh4 Rxg4+ 59. Kxg4 Rg2+ 60. Rg3 Rxg3+ 61. Kxg3 1/2-1/2

[Event "*** Titled Tuesday Blitz"]
[Site "Chess.com"]
[Date "2021.02.02"]
[Round "1"]
[White "sokidze"]
[Black "BL4D3RUNN3R"]
[Result "0-1"]
[WhiteElo "2514"]
[BlackElo "2216"]
[TimeControl "180+1"]
[EndTime "10:08:08 PST"]
[Termination "BL4D3RUNN3R won by resignation"]

1. e4 c6 2. Nf3 d5 3. Nc3 dxe4 4. Nxe4 Nf6 5. Qe2 Nxe4 6. Qxe4 Qd5 7. Qf4 Qf5 8. d3 Qxf4 9. Bxf4 g6 10. d4 Bg7 11. h3 O-O 12. Bc4 Bf5 13. O-O-O Be4 14.
Be2 Nd7 15. Rhg1 Bxf3 16. Bxf3 e5 17. dxe5 Nxe5 18. Be2 Rad8 19. Rxd8 Rxd8 20. Be3 b6 21. f4 Bh6 22. g4 Nd7 23. Bf3 Nb8 24. Rd1 Rxd1+ 25.
Kxd1 Kf8 26. Ke2 Ke7 27. Kd3 Kd6 28. g5 Bg7 29. c3 Nd7 30. b4 h6 31. Bd1 hxg5 32. fxg5 Ne5+ 33. Ke4 Nc4 34. Bf4+ Be5 35. Bxe5+ Nxe5 36. Bb3 c5 37. Bd5 cxb4 38. cxb4 a5 39. bxa5 bxa5 40. a3 Nf3 41. Ba2 Nxg5+ 42. Ke3 Nxh3 43.
Bxf7 g5 44. Kf3 Ke5 45. Kg4 Kf6 46. Ba2 Nf4 47. Bb3 Nd3 48. Ba2 Ne5+ 49. Kg3 Nc6 50.
Bd5 Nd4 51. Kg4 Nc2 52. Bb3 Nxa3 53. Ba4 Nc4 54. Bb3 Nb6 55. Ba2 a4 56. Bb1 a3 57.
Ba2 Na4 58. Bb3 Nc3 59. Bc4 a2 0-1

[Event "*** Titled Tuesday Blitz"]
[Site "Chess.com"]
[Date "2021.02.02"]
[Round "1"]
[White "PetrolulSah"]
[Black "yobdc"]
[Result "0-1"]
[WhiteElo "2188"]
[BlackElo "2521"]
[TimeControl "180+1"]
[EndTime "10:08:08 PST"]
[Termination "yobdc won on time"]

1. d4 e6 2. Nf3 f5 3. g3 Nf6 4.
Bg2 Be7 5. O-O O-O 6. c4 d6 7. Nc3 Ne4 8. d5 Nxc3 9. bxc3 e5 10. e4 f4 11. Ne1 Na6 12. Nd3 Bg5 13. Qh5 g6 14. Qe2 Qf6 15. h4 f3 16. hxg5 fxe2 17. gxf6 exf1=Q+ 18. Bxf1 Rxf6 19. Bg5 Rf7 20. f4 exf4 21.
gxf4 Bg4 22. e5 Re8 23. e6 Rff8 24. Nf2 Bf5 25. Bh6 Rf6 26. Bg5 Rff8 27. Bh6 Rf6 28.
Bg5 Kg7 29. Bxf6+ Kxf6 30. Bd3 Nc5 31. Bxf5 Kxf5 32. Kg2 Kxf4 33. Nh3+ Ke4 34. Ng5+ Kd3 35. Nxh7 Kxc4 36. Re1 c6 37. e7 Nd7 38. Re6 Kxd5 39.
Rxg6 Rxe7 40. Rg5+ Kc4 41. Rg6 d5 42. Ng5 Kxc3 43. Ne6 Kb2 44. Nf4 Kxa2 45. Rg8 b5 46. Ra8 Nb6 47. Nd3 Kb3 48. Nc5+ Kc4 49. Na6 d4 50.
Nb8 Rg7+ 51. Kf3 Nxa8 0-1

[Event "*** Titled Tuesday Blitz"]
[Site "Chess.com"]
[Date "2021.02.02"]
[Round "1"]
[White "Love_craft"]
[Black "HouseOfDurin"]
[Result "1-0"]
[WhiteElo "2503"]
[BlackElo "2103"]
[TimeControl "180+1"]
[EndTime "10:08:08 PST"]
[Termination "Love_craft won by checkmate"]

1. Nf3 c5 2. e4 Nc6 3. d3 e5 4. Nc3 g6 5. h4 h6 6. h5 g5 7. Be2 f5 8. Nd5 d6 9. exf5 Bxf5 10. Nh2 Nf6 11. Ne3 Be6 12. Nhg4 Nxg4 13. Bxg4 Qd7 14.
Nd5 O-O-O 15. Bxe6 Qxe6 16. c4 Ne7 17. Nc3 d5 18.
cxd5 Nxd5 19. O-O Nb4 20. Qa4 a6 21. a3 Nxd3 22. b4 cxb4 23. axb4 Nxb4 24. Be3 Qc6 25. Qb3 Rd3 26. Rfc1 Kb8 27. Qb2 Rxe3 28. fxe3 Nd3 29. Qd2 Nxc1 30. Rxc1 Bb4 31. Qd3 Rc8 32. Ne2 Qd6 33. Rxc8+ Kxc8 34. Qc4+ Kb8 35. Ng3 Qd1+ 36. Kh2 Qd2 37. Qg8+ Ka7 38. Qe6 Qxe3 39. Qxh6 Bc5 40.
Qg6 Qg1+ 41. Kh3 Qe3 42. h6 Qd3 43. Qxd3 e4 44. Qd5 Bb6 45. Qe6 Bc7 46. Qxe4 Bxg3 47. Kxg3 g4 48. Kxg4 a5 49. Qf5 a4 50. h7 Ka6 51.
Qb1 b5 52. Qa1 a3 53. h8=Q Ka5 54. Qhc3+ Kb6 55. Qcxa3 Kc6 56. Qa7 Kd5 57. Q1d4+ Kc6 58. Qdc5# 1-0

[Event "*** Titled Tuesday Blitz"]
[Site "Chess.com"]
[Date "2021.02.02"]
[Round "1"]
[White "Smile2005"]
[Black "SirStrateg"]
[Result "0-1"]
[WhiteElo "2354"]
[BlackElo "2659"]
[TimeControl "180+1"]
[EndTime "10:08:10 PST"]
[Termination "SirStrateg won by resignation"]

1. Nf3 d6 2. g3 e5 3. Bg2 Nf6 4.
O-O Be7 5. d4 Nbd7 6. c4 O-O 7.
Nc3 c6 8. e4 a6 9. h3 Re8 10. Be3 Bf8 11. d5 cxd5 12. cxd5 g6 13. a4 b6 14. b4 Nh5 15. Qb3 f5 16. Ng5 f4 17. Ne6 Qf6 18. Bd2 Rb8 19. g4 Ng7 20.
f3 Nxe6 21. dxe6 Qxe6 22. Nd5 Bb7 23. Rfc1 Bxd5 24. exd5 Qf6 25. Bf1 a5 26. Bd3 axb4 27. Be1 Nc5 28. Qc4 b3 29. Rab1 Bg7 30. Be4 Ra8 31. Rxb3 Rxa4 32. Rb4 Rea8 33. Rcb1 Qd8 34. Bf2 R4a6 35. Bxc5 bxc5 36. Rb7 R6a7 37. Qb5 Bf6 38. Qc6 Bh4 39. Rxa7 Rxa7 40. Qb6 Qxb6 41. Rxb6 Ra1+ 42. Kg2 Ra2+ 43. Kg1 Bf2+ 44. Kf1 c4 45. Rxd6 Bd4 46. Rc6 c3 47. d6 Kf7 48. d7 Ke7 49. Rd6 Kd8 50.
g5 Ra7 51. Rc6 Kxd7 52. h4 Ra2 53. Rc4 Rf2+ 54. Ke1 Rh2 55. h5 Rxh5 56. Ke2 Rxg5 57. Ra4 Rh5 58. Ra7+ Bxa7 0-1

[Event "*** Titled Tuesday Blitz"]
[Site "Chess.com"]
[Date "2021.02.02"]
[Round "1"]
[White "CzechmVIII"]
[Black "Lion-Al-Messi"]
[Result "1/2-1/2"]
[WhiteElo "2274"]
[BlackElo "2566"]
[TimeControl "180+1"]
[EndTime "10:08:11 PST"]
[Termination "Game drawn - insufficient material"]

1. e4 e6 2. d4 d5 3. Nc3 Nf6 4.
Bg5 dxe4 5. Nxe4 Be7 6. Bxf6 gxf6 7. Nf3 f5 8. Nc3 a6 9. g3 b5 10. Bg2 Bb7 11. O-O O-O 12. Qe2 b4 13. Na4 Nd7 14.
Rad1 Nf6 15. Nc5 Bxc5 16. dxc5 Qe7 17. Qc4 a5 18. Ne5 Bxg2 19. Kxg2 Ne4 20. Rd7 Qxc5 21. Qxc5 Nxc5 22. Rxc7 Ne4 23. Rd1 Rad8 24. Rxd8 Rxd8 25. Nxf7 Rd2 26. Nh6+ Kf8 27. Rf7+ Ke8 28. Rxh7 Rxf2+ 29.
Kg1 Rxc2 30. Ra7 Rxb2 31. Rxa5 Nd2 32. h3 Nf3+ 33. Kf1 Kf8 34. Ra7 Nd2+ 35. Ke1 Ne4 36. g4 f4 37. Rf7+ Ke8 38. Rxf4 Nc3 39. g5 Nxa2 40. g6 Rg2 41. Rg4 Rxg4 42. Nxg4 Nc3 43. Ne5 Kf8 44. Nd3 Nd5 45. h4 Kg7 46. h5 Kh6 47. Kd2 b3 48. Kc1 Kxh5 49. g7 Ne7 50.
Kb2 Kg6 51. Kxb3 Kxg7 52. Kc4 Nf5 53. Kc5 Kf6 54. Kc4 Nd6+ 55. Kd4 Nf7 56. Nf4 e5+ 57. Ke3 Kf5 58. Nd3 e4 59. Nc5 Nd6 60. Nxe4 1/2-1/2

[Event "*** Titled Tuesday Blitz"]
[Site "Chess.com"]
[Date "2021.02.02"]
[Round "1"]
[White "night_player"]
[Black "Sergey85Rodchenkov"]
[Result "1-0"]
[WhiteElo "2279"]
[BlackElo "2532"]
[TimeControl "180+1"]
[EndTime "10:08:11 PST"]
[Termination "night_player won by resignation"]

1. e4 c5 2. c3 d5 3. exd5 Qxd5 4. d4 Nf6 5. Nf3 Nc6 6. Be3 cxd4 7. cxd4 Bg4 8. Be2 e6 9. O-O Qa5 10. a3 Be7 11. Qb3 Qb6 12. Qxb6 axb6 13. h3 Bh5 14. g4 Bg6 15. Ne5 O-O 16. Bf3 Nd5 17. Nxg6 hxg6 18. Nc3 Nxe3 19. fxe3 Rac8 20. Rac1 Rfd8 21. Kf2 Bf6 22. Ne4 Bh4+ 23. Ke2 Be7 24. Rc3 b5 25. b4 Na7 26. Rfc1 b6 27. Nf2 Kf8 28. Nd3 Bd6 29. Bb7 Rxc3 30. Rxc3 Rb8 31. Bf3 Ke7 32. e4 Rc8 33. Rxc8 Nxc8 34. e5 Bc7 35. Ke3 f6 36. Ke4 f5+ 37. Kf4 Kf7 38. Ke3 Bd8 39. d5 exd5 40. Bxd5+ Ke7 41. Kd4 Kd7 42. Bf7 Ne7 43.
Nf4 g5 44. Nh5 f4 45. Nxg7 Bc7 46. Ne6 Nc6+ 47. Ke4 Bxe5 48. Nxg5 Bb2 49. Kxf4 Bxa3 50. h4 Ke7 51. h5 Bxb4 52. Kf5 Nd4+ 53. Kg6 Bd2 54.
Ne4 Nf3 55. Nxd2 Ne5+ 56. Kg7 Nxf7 57. h6 b4 58. h7 b5 59. g5 1-0

[Event "*** Titled Tuesday Blitz"]
[Site "Chess.com"]
[Date "2021.02.02"]
[Round "1"]
[White "dopolian"]
[Black "BrandonJacobson"]
[Result "0-1"]
[WhiteElo "2440"]
[BlackElo "2860"]
[TimeControl "180+1"]
[EndTime "10:08:12 PST"]
[Termination "BrandonJacobson won by resignation"]

1. e4 e5 2. Nf3 Nc6 3. Bb5 a6 4. Ba4 Nf6 5. O-O b5 6. Bb3 Bc5 7. d3 d6 8. Nbd2 O-O 9. h3 h6 10. Re1 Re8 11. Nf1 Bb7 12. Ng3 Na5 13. Nh2 Nxb3 14. axb3 Kh7 15. Ng4 Ng8 16. Qf3 Rf8 17. Nf5 Bc8 18. c3 Bxf5 19. exf5 Nf6 20. Be3 Bxe3 21. fxe3 Nxg4 22. Qxg4 d5 23. Rf1 f6 24. e4 dxe4 25. dxe4 Qd2 26. Rf2 Qe3 27. Qe2 Qb6 28. b4 Rfd8 29. Kh2 Rd6 30. Rff1 Rad8 31.
Rfd1 Qc6 32. Rxd6 Qxd6 33. Qe3 Qc6 34. Kh1 Rd6 35. Kh2 Qc4 36. Qc5 Qxe4 37. Qxc7 Rd2 38. Rg1 Rxb2 39. Qc8 Rc2 40. Qxa6 Qc4 41. Qe6 Rxc3 42.
Qxc4 Rxc4 43. Rd1 h5 44. Rd7 h4 45. Rb7 Rxb4 46. Kg1 Kh6 47. Kf2 Rf4+ 48. Ke3 b4 49.
Rb5 Kg5 50. Rb7 Kh6 51. Rb6 Rxf5 52. Rxb4 g5 53. Rb8 Kg6 54. Rg8+ Kf7 55. Rb8 Rf1 56. Rb7+ Kg6 57. Rb6 Rg1 58. Kf2 Ra1 59. Kf3 Ra3+ 60.
Kf2 Ra2+ 61. Kf3 Kf5 62. Rb3 e4+ 63. Ke3 Rxg2 64. Rb5+ Kg6 65. Kxe4 Rg3 66. Rb8 Rxh3 67. Rg8+ Kf7 68. Rb8 Ra3 0-1

[Event "*** Titled Tuesday Blitz"]
[Site "Chess.com"]
[Date "2021.02.02"]
[Round "1"]
[White "canary2016"]
[Black "anasta10"]
[Result "0-1"]
[WhiteElo "2017"]
[BlackElo "2494"]
[TimeControl "180+1"]
[EndTime "10:08:13 PST"]
[Termination "anasta10 won by checkmate"]

1. d4 Nf6 2. c4 g6 3. Nf3 d5 4.
cxd5 Nxd5 5. g3 Bg7 6. Bg2 O-O 7. O-O Nc6 8. Nc3 Nxc3 9. bxc3 e5 10. e3 e4 11. Nd2 f5 12. Bb2 Be6 13. Qe2 Bf7 14.
Nc4 Qd5 15. Nd2 Qd7 16. Nb3 b6 17. Rfd1 a5 18. d5 Ne5 19. c4 a4 20. Bxe5 Bxe5 21. Nd4 Bg7 22. Rab1 Ra5 23. Nc6 Rc5 24. Rb4 Ra8 25. Bf1 Qd6 26. Rdb1 Bc3 27. Rb5 Be8 28. Rxc5 Qxc5 29. Qc2 Bf6 30. Nb4 b5 31. cxb5 Qd6 32. Nc6 Kg7 33. Bc4 h6 34.
Kg2 g5 35. Rc1 Bg6 36. Qd2 f4 37. Kg1 f3 38. Bf1 h5 39. Rc2 h4 40. Rc1 hxg3 41.
fxg3 Bf7 42. Nb4 Rd8 43. Rc6 Qe5 44. Qc2 Rd7 45. Na6 Bxd5 46. Rxc7 Rxc7 47. Qxc7+ Qxc7 48. Nxc7 Bxa2 49. Nd5 Bxd5 50. b6 Bb7 51. Bc4 Bd8 52. Ba2 Bxb6 53. Kf2 Kf6 54. h3 a3 55. Bb3 Ke5 56. Ba2 Bd5 57. Bb1 a2 58. Bxa2 Bxa2 59. h4 gxh4 60. gxh4 Kf5 61. Kg3 Bxe3 62. h5 f2 63. h6 f1=Q 64. h7 Qf3+ 65. Kh2 Bf4+ 66.
Kg1 Qg3+ 67. Kf1 Bc4# 0-1

[Event "*** Titled Tuesday Blitz"]
[Site "Chess.com"]
[Date "2021.02.02"]
[Round "1"]
[White "Nikolakis2014"]
[Black "ybruned"]
[Result "1-0"]
[WhiteElo "2632"]
[BlackElo "2334"]
[TimeControl "180+1"]
[EndTime "10:08:14 PST"]
[Termination "Nikolakis2014 won by resignation"]

1. Nf3 Nf6 2. c4 b6 3. g3 Bb7 4. Bg2 e6 5. O-O Be7 6. Nc3 O-O 7. Re1 d5 8. cxd5 Nxd5 9. e4 Nxc3 10. bxc3 c5 11. d4 cxd4 12. cxd4 Nd7 13. Bf4 Nf6 14. Ne5 Rc8 15. Qa4 a6 16. Rad1 b5 17. Qb3 Nd7 18. d5 Nxe5 19. dxe6 Qc7 20. Rd7 Nxd7 21. Bxc7 Nc5 22.
exf7+ Rxf7 23. Qe3 Rxc7 24. Rd1 Rf8 25. h4 Na4 26.
Rd2 Bc5 27. Qg5 Rcf7 28. Kh2 Rxf2 29. Rxf2 Rxf2 30. Qd8+ Rf8 31. Qd7 Ba8 32. e5 Rf2 33. Qe8+ Rf8 34. Qe6+ Kh8 35. Bxa8 Rxa8 36. Qc6 Rf8 37.
Qxa6 Nc3 38. Qc6 Bb4 39. e6 Nxa2 40. Qxb5 Be7 41. Qd7 Bf6 42. e7 Bxe7 43. Qxe7 Rf2+ 44. Kh3 h6 45. Qe8+ Kh7 46. Qe4+ Kh8 47. Qd4 Rf6 48. Qd8+ Kh7 49. Qd3+ Kh8 50. Qc4 Rf2 51. Qc8+ Kh7 52.
Qc5 Kh8 53. Qxf2 1-0

[Event "*** Titled Tuesday Blitz"]
[Site "Chess.com"]
[Date "2021.02.02"]
[Round "1"]
[White "Philosopherrr"]
[Black "ohajek96"]
[Result "1-0"]
[WhiteElo "2563"]
[BlackElo "2252"]
[TimeControl "180+1"]
[EndTime "10:08:15 PST"]
[Termination "Philosopherrr won on time"]

1. e4 c6 2. d4 d5 3. e5 c5 4. dxc5 e6 5. Be3 Nd7 6. Bb5 Qa5+ 7. Nc3 Qc7 8. Nf3 Bxc5 9. Bxc5 Qxc5 10. Kf1 Ne7 11.
Qd4 Qxd4 12. Nxd4 a6 13. Bxd7+ Bxd7 14. Nce2 Nc6 15. f4 Ke7 16. c3 Nxd4 17. Nxd4 Rhc8 18. Ke2 b5 19. Kd2 f6 20. Rhe1 Kf7 21. g4 Rab8 22. a3 fxe5 23. Rxe5 a5 24. f5 exf5 25. Rxd5 Be6 26.
Nxe6 Kxe6 27. Rxf5 b4 28. Re1+ Kd6 29. Rxa5 bxc3+ 30. bxc3 Rb2+ 31. Kd3 Rxh2 32. Ra6+ Kd7 33. Ra7+ Kd6 34. c4 Rh3+ 35. Kd4 Rg3 36. Rxg7 h5 37. Rg6+ Kd7 38. gxh5 Rh3 39. Re5 Rh4+ 40. Kd5 Rcxc4 41. Rg7+ Kd8 42. Ke6 Rc6+ 43. Kf7 Rc7+ 44. Kg6 Rg4+ 45. Kf6 Rgxg7 46. h6 Rgf7+ 47. Kg6 Rh7 48. Rd5+ Kc8 49. Rd6 Kb7 50. a4 Rh8 51. a5 Rch7 52. a6+ Ka7 53. Kg5 Rg8+ 54. Kh5 Rg1 55. Rf6 Ra1 56.
Kg6 Rh8 57. Kg7 Rxh6 58. Rf7+ 1-0

[Event "*** Titled Tuesday Blitz"]
[Site "Chess.com"]
[Date "2021.02.02"]
[Round "1"]
[White "dolynachess"]
[Black "KuzubovYuriy"]
[Result "0-1"]
[WhiteElo "2434"]
[BlackElo "2841"]
[TimeControl "180+1"]
[EndTime "10:08:16 PST"]
[Termination "KuzubovYuriy won by checkmate"]

1. d4 Nf6 2. c4 e6 3. g3 d5 4.
Bg2 Bb4+ 5. Nd2 O-O 6. Nf3 b6 7. O-O Bb7 8. Qa4 Bd6 9. Rd1 Nbd7 10. Qc2 Rc8 11. cxd5 exd5 12. b3 Qe7 13. Bb2 Qxe2 14. Re1 Qa6 15. Bf1 Qa5 16. a3 c5 17. Qd3 c4 18. bxc4 dxc4 19. Nxc4 Rxc4 20. Qxc4 Bxf3 21.
d5 Qd2 22. Qd4 Qxd4 23. Bxd4 Rc8 24. Rac1 Rxc1 25. Rxc1 Nc5 26. Bg2 Bxg2 27. Kxg2 Nfd7 28. Rc4 f5 29. a4 Kf7 30. f4 g6 31. Kf3 Nf6 32. a5 Nxd5 33. axb6 axb6 34. h3 Ke6 35.
g4 Nb3 36. Bc3 b5 37. Rc8 Kd7 38. Rh8 Nxc3 39. Rxh7+ Ke6 40. Rh6 Kf6 41. h4 fxg4+ 42. Kxg4 Nd5 43. h5 Nxf4 44. hxg6 Nxg6 45. Rh3 Nd4 46.
Rh7 Ke6 47. Rb7 Ne5+ 48. Kg3 Kd5 49. Rxb5+ Nxb5 50. Kg2 Ke4 51. Kf2 Nd4 52. Kg3 Be7 53. Kg2 Kf4 54. Kf2 Bh4+ 55. Kf1 Kf3 56. Kg1 Bg3 57.
Kf1 Ng4 58. Kg1 Nb3 59. Kf1 Nd2+ 60. Kg1 Bf4 61. Kh1 Kg3 62. Kg1 Kh3 63. Kh1 Bg3 64.
Kg1 Bh2+ 65. Kh1 Nf2# 0-1